AoeStats
← SleekDust5880

Four Lakes

509567943Analyzed
1v1 RM · 4d ago on Sep 27, 2026· 53m 58s· 2 players
Game mode
Random Map
Map size
Tiny (2 player)
Population
200
Speed
Normal
Resources
Standard
Victory
Conquest
Starting age
Dark Age
Ending age
Imperial Age
RankedLock teamsTeams togetherTeam positionsShared explorationLock speedFull tech treeHidden civsTurbo modeCheats
Victory
Defeat
🇦🇺 Mongols · Australia
527
+21
🇨🇳 Burmese · China
635
-21
yumi
6:26 Loom
12:28 Feudal Age
13:47 Wheelbarrow
14:20 Horse Collar
15:51 Bloodlines
15:52 Fishing Lines
16:56 Forging
16:53 Scale Barding Armor
19:06 Gold Mining
19:10 Stone Mining
23:14 Castle Age
24:17 Hand Cart
24:08 Heavy Plow
27:01 Gold Shaft Mining
28:49 Fletching
28:59 Scale Mail Armor
29:33 Husbandry
30:12 Gillnets
34:37 Iron Casting
34:23 Chain Barding Armor
34:04 Padded Archer Armor
33:59 Bodkin Arrow
35:34 Manipur Cavalry
43:03 Sanctity
44:48 Chain Mail Armor
SleekDust5880
10:38 Loom
13:57 Feudal Age
14:25 Double-Bit Axe
14:25 Fishing Lines
17:12 Man-at-Arms
20:51 Castle Age
23:50 Long Swordsman
23:51 Pikeman
24:32 Squires
24:17 Arson
24:12 Long Swordsman
24:13 Pikeman
24:54 Squires
24:39 Arson
26:22 Bow Saw
28:02 Bloodlines
27:53 Husbandry
27:14 Light Cavalry
32:22 Imperial Age
29:41 Town Watch
30:32 Wheelbarrow
32:10 Murder Holes
32:26 Fortified Wall
32:30 Masonry
33:36 Capped Ram
35:28 Gillnets
35:12 Elite Skirmisher
36:31 Drill
36:32 Conscription
37:28 Ballistics
38:09 Chemistry
39:25 Hoardings
44:42 Nomads
47:58 Siege Ram
50:53 Thumb Ring
Connection lost

Rejoining the realm…

Still unreachable

The connection could not be restored.

Session expired

The server has moved on; the page needs a fresh start.